 Dungeon Crawl Stone Soup version 0.28.0-43-g3370ac3207 (webtiles) character file.

Game seed: 12641653044388776496

3068 Peloso the Carver (level 9, -5/80 HPs)
             Began as a Minotaur Fighter on Mar 23, 2022.
             Was a Believer of Okawaru.
             Slain by a vampire
             ... wielding a +0 vampiric halberd
              (9 damage)
             ... in a bailey.
             The game lasted 00:11:23 (9112 turns).

Peloso the Carver (Minotaur Fighter)                Turns: 9112, Time: 00:11:23

Health: -5/80      AC: 17    Str: 22    XL:     9   Next: 58%
Magic:  7/8        EV:  7    Int:  5    God:    Okawaru [**....]
Gold:   425        SH:  5    Dex: 13    Spells: 8/8 levels left

rFire   . . .      SeeInvis .   a - +3 scimitar (freeze)
rCold   . . .      Faith    .   c - +0 buckler
rNeg    . . .      Spirit   .   i - +0 plate armour
rPois   .          Reflect  .   (helmet restricted)
rElec   .          Harm     .   E - +0 cloak
rCorr   .          Rampage  .   g - +0 pair of gloves
Will    .....                   (no boots)
Stlth   ..........              (no amulet)
HPRegen 0.23/turn               l - +4 ring of slaying
MPRegen 0.11/turn               (no ring)

@: hasted, very quick
A: horns 2, retaliatory headbutt
a: Renounce Religion, Heroism


You were in a bailey.
You worshipped Okawaru.
Okawaru was pleased with you.
You visited 2 branches of the dungeon, and saw 9 of its levels.
You also visited: Bailey.

You collected 425 gold pieces.

Inventory:

Hand Weapons
 a - a +3 scimitar of freezing (weapon)
 b - a +3 whip of flaming
 v - the +7 spear "Qusank" {vorpal, rElec rN+ Stlth+}
   (You found it on level 5 of the Dungeon)

   It inflicts extra damage upon your enemies.
   rElec:     It insulates you from electricity.
   rN:        It protects you from negative energy.
   Stlth:     It makes you more stealthy.
Armour
 c - a +0 buckler (worn)
 g - a +0 pair of gloves (worn)
 i - a +0 plate armour (worn)
 A - the +1 ring mail of the Iron City of Dis {rElec rCorr Str+4}
   (You found it on level 5 of the Dungeon)

   Str:       It affects your strength (+4).
   rElec:     It insulates you from electricity.
   rCorr:     It protects you from acid and corrosion.
 E - a +0 cloak (worn)
Jewellery
 l - a +4 ring of slaying (left hand)
 u - a ring of fire
 x - a ring of wizardry
Wands
 h - a wand of iceblast (25)
 s - a wand of digging (5)
 t - a wand of flame (18)
 F - a wand of polymorph (7)
Scrolls
 d - a scroll of amnesia {unknown}
 f - 3 scrolls of magic mapping
 k - 3 scrolls of identify
 m - a scroll of teleportation {unknown}
 o - 2 scrolls of enchant armour {unknown}
 y - a scroll of vulnerability {unknown}
 z - 3 scrolls of fog {unknown}
 D - a scroll of blinking {unknown}
 G - a scroll of enchant weapon {unknown}
 I - a scroll of fear {unknown}
 J - a scroll of noise {unknown}
Potions
 e - a potion of curing
 j - a potion of mutation
 n - a potion of degeneration {unknown}
 p - a potion of magic
 q - 2 potions of brilliance
 r - a potion of resistance {unknown}
 w - a potion of haste
 B - 2 potions of might
 C - a potion of cancellation {unknown}
 H - 2 potions of heal wounds {unknown}


   Skills:
 + Level 7.7 Fighting
 + Level 10.1 Long Blades
 + Level 10.0 Armour
 + Level 1.6 Dodging
 + Level 0.6 Stealth
 + Level 6.0 Shields


You had 8 spell levels left.
You didn't know any spells.
Your spell library contained the following spells:

 Spells                   Type           Power      Damage    Failure   Level
 Apportation              Tloc           0%         N/A       100%        1
 Pain                     Necr           0%         1d4       100%        1
 Corpse Rot               Necr/Air       0%         N/A       100%        2
 Poisonous Vapours        Pois/Air       0%         N/A       100%        2
 Gell's Gravitas          Tloc           0%         N/A       100%        3
 Teleport Other           Tloc           0%         N/A       100%        3
 Agony                    Necr           0%         N/A       100%        5
 Excruciating Wounds      Necr           0%         N/A       100%        5
 Dispersal                Tloc           0%         N/A       100%        6
 Animate Skeleton         Necr           Unusable   N/A       N/A         1
 Summon Small Mammal      Summ           Unusable   N/A       N/A         1

Dungeon Overview and Level Annotations

Branches:
Dungeon (8/15)             Temple (1/1) D:5          Bailey (1/1)
   Lair: D:8-11

Altars:
Cheibriados
Elyvilon
Nemelex Xobeh
Okawaru
Qazlal
Sif Muna
Trog
Wu Jian
Xom
Yredelemnul
Zin


Innate Abilities, Weirdness & Mutations

You have a pair of horns on your head.
You reflexively headbutt those who attack you in melee.


Message History

The vampire draws strength from your wounds!
You block the vampire's attack.
You closely miss the vampire.
You headbutt the vampire, but do no damage.
You hit the vampire but do no damage. The vampire barely misses you.
You furiously retaliate!
You headbutt the vampire, but do no damage.
The vampire bites you but does no damage.
You slash the vampire! You freeze the vampire.
Your headbutt misses the vampire.
The vampire is heavily damaged.
The vampire draws life force from you!
The vampire is healed by the life force!
You slash the vampire! You freeze the vampire.
The vampire is severely damaged.
The vampire gestures wildly while chanting.
The vampire flickers and vanishes!
Deactivating autopickup; reactivate with Ctrl-A.
You closely miss something. You closely miss something.
Something draws life force from you!!
You slash something! You headbutt something.
Something draws life force from you!
* * * LOW HITPOINT WARNING * * *
You barely miss something. Something hits you but does no damage.
Something bites you but does no damage.
You miss something. You headbutt something.
You feel like a meek peon again.
Okay, then.
Okay, then.
You feel yourself speed up. Something hits you but does no damage.
Something bites you.
* * * LOW HITPOINT WARNING * * *
Something draws strength from your injuries!
You feel better. Something hits you.
* * * LOW HITPOINT WARNING * * *
Something bites you but does no damage.
You feel better. Something hits you!
* * * LOW HITPOINT WARNING * * *
Something bites you!
You die...

#8. ..# #.. .V# #..#
#..##########
#...##...#8......8#
#......##.......8#
#....##...#######
###''##...##.....#
#....{@...#......#+####
#8.......))......#....#
#########.)..#...#....#
#8.....##..##...+....#
#.......####....+....#
#..♣.♣...#...####....#
#####..♣.♣......#..#....#
#...#.......)...#.)#'##'#
#.÷.#..♣♣♣..♣...#..).#...


There were no monsters in sight!

Vanquished Creatures
  A gargoyle (Bailey)
  Grinder (D:4)
  Sigmund (D:4)
  A sky beast (D:6)
  A black bear (D:7)
  2 ice beasts
  A necrophage (D:7)
  A centaur (D:5)
  A phantom (D:5)
  A bullfrog (D:7)
  2 kobold brigands (D:6)
  A gnoll sergeant (D:6)
  A scorpion (D:5)
  A wyvern zombie (D:5)
  A water moccasin skeleton (D:5)
  8 vampire bats (Bailey)
  3 wights
  7 wolf zombies (Bailey)
  A howler monkey (D:8)
  2 hounds (D:5)
  A bullfrog skeleton (D:4)
  2 centaur zombies
  2 orc priests
  A gnoll shaman (D:4)
  Crazy Yiuf (D:6)
  An iguana (D:7)
  2 orc wizards
  A hound skeleton (D:5)
  A howler monkey zombie (D:5)
  4 adders
  7 gnolls
  3 white imps
  An ufetubus (D:4)
  A worm (D:6)
  A dart slug (D:6)
  8 orcs
  8 ball pythons
  8 bats
  4 endoplasms
  A giant cockroach (D:3)
  7 goblins
  5 hobgoblins
  3 jackals (D:1)
  24 kobolds
  3 quokkas
  A frilled lizard (D:1)
  17 orc zombies (Bailey)
  7 rats
163 creatures vanquished.

Vanquished Creatures (others)
  2 kobolds (D:6)
  24 plants
26 creatures vanquished.

Grand Total: 189 creatures vanquished

Notes
Turn   | Place    | Note
-------+----------+-------------------------------------------
     0 | D:1      | Peloso the Minotaur Fighter began the quest for the Orb.
     0 | D:1      | Reached XP level 1. HP: 19/19 MP: 0/0
    88 | D:1      | Found a faded altar of an unknown god.
   113 | D:1      | Reached XP level 2. HP: 27/27 MP: 1/1
  1185 | D:2      | Reached XP level 3. HP: 32/33 MP: 2/2
  2362 | D:3      | Found an ornate altar of the Wu Jian Council.
  2934 | D:4      | Reached XP level 4. HP: 40/40 MP: 3/3
  3017 | D:3      | Reached skill level 5 in Armour
  3394 | D:4      | Noticed Sigmund
  3440 | D:4      | Killed Sigmund
  3441 | D:4      | Reached skill level 5 in Fighting
  3441 | D:4      | Reached XP level 5. HP: 6/48 MP: 4/4
  3441 | D:4      | Reached XP level 6. HP: 7/56 MP: 5/5
  3832 | D:4      | Noticed Grinder
  3835 | D:4      | Paralysed by Grinder for 7 turns
  3843 | D:4      | Paralysed by Grinder for 5 turns
  3851 | D:4      | Killed Grinder
  3852 | D:4      | Reached skill level 5 in Long Blades
  4139 | D:4      | Reached XP level 7. HP: 61/61 MP: 6/6
  4388 | D:5      | Entered Level 5 of the Dungeon
  4792 | D:5      | Reached skill level 5 in Shields
  5095 | D:5      | Identified the +7 spear "Qusank" {vorpal, rElec rN+ Stlth+}
  5627 | D:5      | Reached XP level 8. HP: 63/70 MP: 7/7
  5632 | D:5      | Identified the +1 ring mail of the Iron City of Dis {rElec
                  | rCorr Str+4}
  5882 | D:5      | Found a staircase to the Ecumenical Temple.
  5890 | Temple   | Entered the Ecumenical Temple
  5907 | Temple   | Became a worshipper of Warmaster Okawaru
  6078 | D:6      | Identified the +6 short sword of Overwhelming Force
                  | {vorpal, Fragile Str+3 Dex+6}
  6130 | D:6      | Found a stormy altar of Qazlal.
  6195 | D:6      | Noticed a moth of wrath
  6198 | D:6      | Found a bloodstained altar of Trog.
  6525 | D:6      | Found a snail-covered altar of Cheibriados.
  6693 | D:6      | Found a runed translucent door.
  6694 | D:6      | Noticed Crazy Yiuf
  7369 | D:6      | Reached * piety under Okawaru
  7661 | D:6      | Killed Crazy Yiuf
  7715 | D:7      | Reached skill level 1 in Dodging
  7955 | D:7      | Reached XP level 9. HP: 78/78 MP: 8/8
  8162 | D:7      | Found a glowing silver altar of Zin.
  8191 | D:7      | Found a white marble altar of Elyvilon.
  8351 | D:8      | Found a flagged portal.
  8374 | Bailey   | Entered a bailey
  8551 | Bailey   | Noticed a gargoyle
  8568 | Bailey   | Killed a gargoyle
  8728 | Bailey   | Reached ** piety under Okawaru
  8747 | Bailey   | Reached skill level 10 in Long Blades
  8757 | Bailey   | Reached skill level 10 in Armour
  9112 | Bailey   | HP: 4/80 [something (15)]
  9112 | Bailey   | Slain by a vampire

Illustrated notes

Levels and vault maps discovered:
D:1:      psy_arrival_conway, layout_loops_ring,
          hellmonk_ecumenical_altar_zigzags
D:2:      layout_loops_ring, minmay_unequal
D:3:      layout_loops_ring, nzn_wu_jian_council_hall, solitary_fountain,
          saegor_snake_ambush
D:4:      layout_basic, uniq_grinder, uniq_sigmund
D:5:      layout_basic, minmay_temple_entry_proselytizer,
          kennysheep_small_square
D:6:      kennysheep_kobold_camp, layout_loops_ring,
          mainiacjoe_overflow_cross_hatched, kennysheep_slug_shrine, tgw_trog,
          uniq_crazy_yiuf_cottage
D:7:      layout_cave_pools, mainiacjoe_overflow_swirl
D:8:      layout_basic, serial_aquarium, aquarium_bridge_square
          [aquarium_subvault_window, aquarium_subvault_bridge,
          aquarium_subvault_bridge, aquarium_subvault_wall], aquarium_window_3,
          aquarium_window_2, aquarium_view_2b, aquarium_view_2c,
          aquarium_balcony_1a, aquarium_pool_2, enter_bailey_3, uniq_maurice
Temple:   nicolae_temple_elliptical
Bailey:   bailey_polearm_vampire_castle_hellmonk, bailey

Skill      XL: |  1  2  3  4  5  6  7  8  9 |
---------------+----------------------------+-----
Fighting       | 4 5 6 7 |  7.7
Armour         | 4 5 6 7 9 10 | 10.0
Shields        | 4 5 6 |  6.0
Long Blades    | 3 4 5 6 8 10 | 10.1
Dodging        | 1 |  1.6
Stealth        | |  0.6

Action                   |  1- 3 |  4- 6 |  7- 9 || total
-------------------------+-------+-------+-------++-------
Melee: Long sword        |    95 |    43 |    57 ||   195
       Headbutt          |     3 |     9 |    34 ||    46
       Scimitar          |       |       |   173 ||   173
Invok: Heroism           |       |       |     1 ||     1
  Use: Potion            |       |     4 |     3 ||     7
       Scroll            |       |       |     4 ||     4
Armor: Scale mail        |    10 |       |       ||    10
       Plate armour      |    70 |    29 |   197 ||   296
Dodge: Dodged            |    42 |     6 |   105 ||   153
Block: Buckler           |    27 |     7 |    76 ||   110
